[Event "Team 45 45 League T79"]
[Site "Internet Chess Club"]
[Date "2019.01.05"]
[Round "2"]
[White "mongmong"]
[Black "olivermx"]
[Result "1/2-1/2"]
[WhiteElo "1470"]
[BlackElo "1149"]
[Opening "Queen's pawn game"]
[ECO "D02"]
[Time "20:01:08"]
[TimeControl "2700+45"]

1. d4 d5 2. Nf3 e6 3. e3 c5 4. b3 cxd4 5. exd4 Nf6 6. Bd3 Bd6 7. O-O O-O 8. Bb2
Nbd7 9. Nbd2 b6 10. Qe2 Bb7 11. Rac1 Qe7 12. c4 dxc4 13. Nxc4 Rac8 14. Rc2 Nb8
15. Rfc1 Qd7 16. Nxd6 Qxd6 17. Rxc8 Rxc8 18. Rxc8+ Bxc8 19. Ne5 Bb7 20. f3 Nc6
21. Nxc6 Qxc6 22. Bb5 Qc7 23. Qd2 Nd5 24. Bd3 Qf4 25. Qxf4 Nxf4 26. Bf1 {Game
drawn by mutual agreement} 1/2-1/2

[Event "Team 45 45 League T79"]
[Site "Internet Chess Club"]
[Date "2019.01.06"]
[Round "2"]
[White "chessabc"]
[Black "cityprosecutor"]
[Result "0-1"]
[WhiteElo "1732"]
[BlackElo "1687"]
[Opening "Trompowsky attack (Ruth, Opocenský opening)"]
[ECO "A45"]
[Time "22:04:06"]
[TimeControl "2700+45"]

1. d4 Nf6 2. Bg5 Ne4 3. Bh4 c5 4. f3 g5 5. fxe4 gxh4 6. e3 Bh6 7. Bc4 e6 8. Qf3
Qg5 9. Kf2 cxd4 10. Nh3 Qxe3+ 11. Qxe3 Bxe3+ 12. Ke2 b6 13. c3 Ba6 14. Na3 Bxc4+
15. Nxc4 Nc6 16. Nxe3 dxe3 17. Kxe3 Rg8 18. Rhg1 Ne5 19. b3 Ng4+ 20. Ke2 Nxh2
21. Nf4 Rg4 22. Ke3 Rg3+ 23. Kd2 Rg4 24. Nh5 Ke7 25. Ke3 Rg5 26. Nf4 Rg3+ 27.
Kd2 Rg4 28. Rh1 Rxf4 29. Ke3 e5 30. Rxh2 Rg8 31. Rd1 Rg3+ 32. Ke2 Rxe4+ 33. Kd2
Rf4 34. Kc2 Rf2+ 35. Rd2 Rxd2+ 36. Kxd2 Rg4 37. Ke2 f5 38. Kf3 Kf6 39. Rh1 h5
40. c4 Kg5 41. Rd1 Rd4 42. Rc1 Rd3+ 43. Ke2 e4 44. c5 bxc5 45. Rxc5 Kf4 46. Ra5
Rc3 47. Rxa7 Rc2+ 48. Kf1 Ke3 49. Kg1 h3 50. gxh3 Kf3 51. Rxd7 e3 52. Rd1 e2 53.
Re1 Rd2 {White resigns} 0-1

[Event "Team 45 45 League T79"]
[Site "Internet Chess Club"]
[Date "2019.01.06"]
[Round "2"]
[White "elessar"]
[Black "President"]
[Result "1/2-1/2"]
[WhiteElo "1636"]
[BlackElo "1650"]
[Opening "Queen's pawn, Mason variation"]
[ECO "D00"]
[Time "13:30:48"]
[TimeControl "2700+45"]

1. d4 d5 2. Bf4 c6 3. c3 Nf6 4. e3 Bf5 5. Nd2 e6 6. Ngf3 Be7 7. Be2 a5 8. a4 Na6
9. Ne5 h6 10. h3 Qc8 11. g4 Bh7 12. h4 Nd7 13. g5 Nxe5 14. dxe5 hxg5 15. hxg5
Kd7 16. Nb3 Nc5 17. Kd2 Nxb3+ 18. Ke1 Be4 19. Rxh8 Qxh8 20. Qxb3 Rb8 21. Kd2 Kc7
22. Qd1 Qh4 23. Qg1 Rh8 24. Bd3 Bxd3 25. Kxd3 Qh7+ 26. Kd2 Qf5 27. Qg2 Rh5 28.
Rg1 g6 29. Qg3 Rh3 30. Qg4 Qxg4 31. Rxg4 Rh1 32. Rg2 b5 33. axb5 cxb5 34. Rg4
Kc6 35. e4 Rb1 36. Kc2 Rf1 37. Be3 Rh1 38. exd5+ Kxd5 39. Rf4 Rh7 40. Rd4+ Kc6
41. Rd2 Rh3 42. Kd3 Bxg5 43. Ke2 Be7 44. Rd1 a4 45. Ra1 Kd5 46. Rd1+ Kxe5 47.
Rd7 a3 48. bxa3 Bxa3 49. Rxf7 Bb2 50. Kd3 g5 51. Rb7 Kf6 52. Rxb5 Bc1 53. Rb1
Bxe3 54. fxe3 g4 55. Rg1 Kg5 56. Ke4 Rh2 57. Rc1 Rf2 58. c4 g3 59. Rg1 Kg4 60.
c5 Rc2 61. Kd4 Kf3 62. Rh1 g2 63. Rh2 Kg3 64. Rh8 g1=Q 65. Rg8+ Kf2 66. Rxg1
Kxg1 67. Ke5 Rxc5+ 68. Kd6 Rc3 69. e4 Kf2 70. e5 Kf3 71. Kxe6 Kf4 72. Kf6 Rc6+
73. e6 Ke4 74. Kf7 Rc1 75. e7 Rc7 76. Kf8 Rc8+ 77. e8=Q+ Rxe8+ 78. Kxe8 {Game
drawn because neither player has mating material} 1/2-1/2

[Event "Team 45 45 League T79"]
[Site "Internet Chess Club"]
[Date "2019.01.07"]
[Round "2"]
[White "RD1974"]
[Black "Hal2001"]
[Result "1-0"]
[WhiteElo "1598"]
[BlackElo "1574"]
[Opening "Robatsch defense"]
[ECO "B34"]
[Time "19:46:01"]
[TimeControl "2700+45"]

1. e4 g6 2. d4 Bg7 3. Nc3 c5 4. Nf3 cxd4 5. Nxd4 Nc6 6. Nf3 d6 7. h3 Nf6 8. Bc4
a6 9. O-O O-O 10. Re1 b6 11. Nd5 b5 12. Bb3 Na5 13. c3 Nxb3 14. Qxb3 Bb7 15. Bg5
Rc8 16. Rad1 Nxd5 17. exd5 Re8 18. Re3 Rc5 19. Bh4 h6 20. Ne1 Rc4 21. Bg3 Qa8
22. Qc2 Bxd5 23. b3 Rc7 24. Qd2 Be6 25. Nf3 Rec8 26. Nd4 Bd5 27. Nf5 Be6 28.
Nxg7 Kxg7 29. Qd4+ Kh7 30. Qf4 Bf5 31. Bh4 e5 32. Qb4 d5 33. Rxe5 Rxc3 34. Re7
Be6 35. Qd6 Kg8 36. Qf4 g5 37. Bxg5 hxg5 38. Qxg5+ Kf8 39. Rxe6 fxe6 40. Qf6+
Ke8 41. Qxe6+ Kf8 42. Rxd5 R3c5 43. Rd7 Rc1+ 44. Kh2 Qb8+ 45. g3 Rh1+ 46. Kxh1
Qa8+ 47. Kh2 Qf3 48. Qe7+ {Black resigns} 1-0

[Event "Team 45 45 League T79"]
[Site "Internet Chess Club"]
[Date "2019.01.03"]
[Round "2"]
[White "Constrictor"]
[Black "ChessMaine"]
[Result "1-0"]
[WhiteElo "1536"]
[BlackElo "1478"]
[Opening "Nimzovich-Larsen attack: classical variation"]
[ECO "A01"]
[Time "19:04:54"]
[TimeControl "2700+45"]

1. b3 d5 2. Bb2 Nf6 3. Nf3 e6 4. e3 Be7 5. c4 O-O 6. Nc3 a6 7. d4 dxc4 8. bxc4
b6 9. Be2 Bb7 10. O-O c5 11. Qc2 Nc6 12. Rad1 cxd4 13. Nxd4 Qc7 14. Qb1 Rac8 15.
f4 Na5 16. a4 Nxc4 17. Rc1 Qb8 18. Bxc4 Rxc4 19. Qd3 Rfc8 20. h3 Qa8 21. g4 Bb4
22. Nce2 Rxc1 23. Nxc1 Bg2 24. Rf2 Bxh3 25. Rh2 Qf3 26. Nxf3 {Black resigns} 1-0

[Event "Team 45 45 League T79"]
[Site "Internet Chess Club"]
[Date "2019.01.04"]
[Round "2"]
[White "Kingfisher75"]
[Black "QuieroAprender"]
[Result "0-1"]
[WhiteElo "1535"]
[BlackElo "1661"]
[Opening "Giuoco Piano"]
[ECO "C54"]
[Time "19:41:17"]
[TimeControl "2700+45"]

1. e4 e5 2. Nf3 Nc6 3. Bc4 Bc5 4. c3 Nf6 5. d3 h6 6. O-O O-O 7. a4 a5 8. Na3 d6
9. h3 Be6 10. Be3 Bxa3 11. Rxa3 Bxc4 12. dxc4 Nxe4 13. Qd5 Nf6 14. Qd2 Ne4 15.
Qd5 Nf6 16. Qd2 e4 17. Nd4 Ne5 18. Qe2 Qd7 19. Rd1 Qe7 20. Raa1 Rfd8 21. b4 Nd3
22. b5 Qe5 23. Qd2 Qh5 24. Ne2 Ne5 25. Nf4 Qf5 26. Qe2 g5 27. Nd5 Rd7 28. Nxf6+
Qxf6 29. Bd4 Qf4 30. Bxe5 Qxe5 31. Rd4 f5 32. Re1 Re7 33. Qh5 Qf6 34. Qd1 Rae8
35. Qc1 f4 36. Qc2 e3 37. f3 b6 38. Qd3 Kg7 39. Rd5 Re5 40. Rd4 Rc5 41. Rd5 Re5
42. Rxc5 Rxc5 43. Kf1 Qe6 44. Qd4+ Kf7 45. Rd1 Qxc4+ 46. Qxc4+ Rxc4 47. Rd3 Rxa4
{White resigns} 0-1

[Event "Team 45 45 League T79"]
[Site "Internet Chess Club"]
[Date "2019.01.02"]
[Round "2"]
[White "mongmong"]
[Black "Kingofknights"]
[Result "1/2-1/2"]
[WhiteElo "1482"]
[BlackElo "1433"]
[Opening "Queen's pawn game"]
[ECO "D04"]
[Time "20:05:03"]
[TimeControl "2700+45"]

1. d4 d5 2. Nf3 Nf6 3. e3 c5 4. c3 cxd4 5. exd4 Nc6 6. Ne5 e6 7. Bd3 Nxe5 8.
dxe5 Nd7 9. Qe2 Be7 10. O-O Qc7 11. f4 Nb6 12. Be3 Nc4 13. Bxc4 dxc4 14. Nd2 b5
15. a4 Bd7 16. axb5 Bxb5 17. b3 Bc5 18. Bxc5 Qxc5+ 19. Rf2 cxb3 20. Nxb3 Bxe2
21. Nxc5 Bc4 22. Ne4 Ke7 23. Nd6 Bd5 24. c4 Bc6 25. Rfa2 Rhb8 26. Rxa7+ Rxa7 27.
Rxa7+ Kf8 28. Ra2 f6 29. exf6 gxf6 30. Re2 e5 31. fxe5 fxe5 32. Rxe5 Rb1+ 33.
Kf2 Rb2+ 34. Re2 Rxe2+ 35. Kxe2 Bxg2 36. Ke3 Ke7 37. c5 Kd7 38. Kd4 Kc6 39. h4
h5 40. Nc4 Bh1 41. Ne5+ Kc7 42. Nf7 Bf3 43. Ng5 Bg2 44. Ne4 Kc6 45. Nf6 Bf3 46.
Ke3 Bd1 47. Kf4 Kxc5 48. Kg5 Kd6 49. Nxh5 Bxh5 50. Kxh5 Ke7 51. Kg6 Kf8 52. Kh7
Kf7 53. h5 Kf8 54. h6 Kf7 55. Kh8 Kf8 {Game drawn by mutual agreement} 1/2-1/2

[Event "Team 45 45 League T79"]
[Site "Internet Chess Club"]
[Date "2019.01.07"]
[Round "2"]
[White "wildwood"]
[Black "smsxman"]
[Result "1/2-1/2"]
[WhiteElo "1516"]
[BlackElo "1354"]
[Opening "Sicilian defense"]
[ECO "B41"]
[Time "11:00:23"]
[TimeControl "2700+45"]

1. e4 e6 2. d4 c5 3. Nf3 cxd4 4. Nxd4 Bc5 5. Be3 Bxd4 6. Bxd4 Nf6 7. Nc3 Nc6 8.
Be3 O-O 9. Be2 Ne5 10. O-O b6 11. Qd2 Bb7 12. f3 d5 13. Bd4 Nc4 14. Bxc4 dxc4
15. Rad1 Nd7 16. Bxg7 Kxg7 17. Qxd7 Ba6 18. Qd4+ Qxd4+ 19. Rxd4 b5 20. Rd6 b4
21. Rxa6 bxc3 22. bxc3 Rfb8 23. Rf2 Rb6 24. Ra4 Rb1+ 25. Rf1 Rb2 26. Rc1 Rd8 27.
Rxa7 Rd2 28. a4 Rdxc2 29. Rxc2 Rxc2 30. a5 Rxc3 31. Rc7 Ra3 32. Rc5 c3 33. Kf2
c2 34. Rxc2 Rxa5 35. Kg3 Kg6 36. h4 Rh5 37. Kh3 f5 38. g4 fxg4+ 39. Kxg4 Rb5 40.
Rc6 Kf6 41. f4 h5+ 42. Kf3 Rb3+ 43. Kg2 Rb2+ 44. Kf3 Rb3+ 45. Ke2 Ke7 46. Rc5
Rb2+ 47. Kd3 Rb3+ 48. Rc3 Rb5 49. Kd4 Kf6 50. Rc5 Rb4+ 51. Kd3 Kg6 52. Rg5+ Kh6
53. Re5 Rb6 54. Kc4 Ra6 55. f5 exf5 56. exf5 Ra4+ 57. Kd5 Rxh4 58. Ke6 Rf4 59.
f6 Kg6 60. f7 h4 61. Re2 h3 62. Re3 Rf6+ 63. Ke5 h2 64. Rh3 {Game drawn by
mutual agreement} 1/2-1/2

[Event "Team 45 45 League T79"]
[Site "Internet Chess Club"]
[Date "2019.01.05"]
[Round "2"]
[White "dabodhi"]
[Black "kingphisch"]
[Result "0-1"]
[WhiteElo "1233"]
[BlackElo "1469"]
[Opening "Caro-Kann: exchange variation"]
[ECO "B13"]
[Time "16:02:55"]
[TimeControl "2700+45"]

1. e4 c6 2. d4 d5 3. exd5 cxd5 4. Bd3 Nf6 5. c3 e6 6. Bg5 Be7 7. Nd2 Nbd7 8.
Ngf3 h6 9. Bf4 Qb6 10. Qc2 Bd6 11. Bg3 Qc7 12. O-O Bxg3 13. fxg3 a6 14. Rae1 O-O
15. Kh1 b5 16. Ne5 Bb7 17. Ndf3 Rac8 18. Qd2 Ne4 19. Bxe4 dxe4 20. Ng1 Nxe5 21.
dxe5 Rcd8 22. Qc2 Qc6 23. Rf4 Qc5 24. Rff1 Rd3 25. Re2 Rfd8 26. Nh3 e3 27. Nf4
Rd2 28. Rxd2 exd2 29. Rd1 Qe3 30. h3 Qxg3 31. Rxd2 Qe1+ 32. Kh2 Rxd2 33. Qb3 Qe4
34. Nxe6 Qxg2# {White checkmated} 0-1

[Event "Team 45 45 League T79"]
[Site "Internet Chess Club"]
[Date "2019.01.02"]
[Round "2"]
[White "LuFran"]
[Black "Ecclesiastic"]
[Result "1-0"]
[WhiteElo "1645"]
[BlackElo "1626"]
[Opening "Sicilian: Canal-Sokolsky attack, 3...Bd7"]
[ECO "B52"]
[Time "19:01:03"]
[TimeControl "2700+45"]

1. e4 c5 2. Nf3 d6 3. Bb5+ Bd7 4. Bxd7+ Nxd7 5. O-O g6 6. c3 Bg7 7. Qe2 Qb6 8.
Rd1 e6 9. d4 cxd4 10. cxd4 Ngf6 11. Nc3 O-O 12. Be3 Ng4 13. Bf4 e5 14. dxe5
Ndxe5 15. Nxe5 Nxe5 16. Nd5 Qa5 17. Qd2 Qxd2 18. Rxd2 Nc4 19. Rc2 Nxb2 20. Rb1
Rad8 21. Rcxb2 Bxb2 22. Rxb2 b6 23. f3 f6 24. Rc2 Rf7 25. Rc6 f5 26. Rxd6 Rxd6
27. Bxd6 fxe4 28. fxe4 Rb7 29. e5 Kf7 30. Nc7 b5 31. e6+ Kf6 32. e7 Rxc7 33.
e8=Q Rc1+ 34. Kf2 Rc2+ 35. Kg3 Rxa2 36. Qe7+ Kf5 {Black resigns} 1-0

[Event "Team 45 45 League T79"]
[Site "Internet Chess Club"]
[Date "2019.01.06"]
[Round "2"]
[White "zadagat"]
[Black "howah45"]
[Result "1-0"]
[WhiteElo "1108"]
[BlackElo "1116"]
[Opening "Queen's pawn game"]
[ECO "A45"]
[Time "12:00:32"]
[TimeControl "2700+45"]

1. d4 Nf6 2. e3 e6 3. f4 Nc6 4. Nf3 Bd6 5. c3 b6 6. Bd3 Bb7 7. O-O O-O 8. Nbd2
Re8 9. Ne4 Nxe4 10. Bxe4 f5 11. Bxc6 Bxc6 12. Re1 Qf6 13. g3 Rad8 14. Ne5 Bxe5
15. fxe5 Qg6 16. c4 Be4 17. Kf2 c5 18. h4 cxd4 19. exd4 Qg4 20. Qxg4 fxg4 21.
Rxe4 Rc8 22. b3 h5 23. Bg5 Rf8+ 24. Rf4 Rxf4+ 25. Bxf4 Rf8 26. Ke3 g6 27. Rd1
Rf5 28. c5 b5 29. Rc1 Rf8 30. c6 dxc6 31. Rxc6 Re8 32. Rc7 a5 33. Bh6 Ra8 34.
Rg7+ Kh8 35. Rxg6 Re8 36. Kf4 Kh7 37. Kg5 a4 38. Rg7+ Kh8 39. Kf6 axb3 40. axb3
Ra8 41. Kxe6 Ra3 42. Kd7 Ra7+ 43. Kc6 Rxg7 44. Bxg7+ Kxg7 45. d5 Kf7 46. Kc7 Ke7
47. d6+ Ke6 48. d7 Kxe5 49. d8=Q Ke4 50. Kc6 Kf3 51. Qc7 Kg2 52. Kxb5 Kh3 53.
Kc4 Kg2 54. Kd3 Kh2 55. Ke2 Kh1 56. Kf2 Kh2 57. Qc6 Kh3 58. Qg2# {Black
checkmated} 1-0

[Event "Team 45 45 League T79"]
[Site "Internet Chess Club"]
[Date "2019.01.07"]
[Round "2"]
[White "clarinetref"]
[Black "joaoazm"]
[Result "0-1"]
[WhiteElo "1478"]
[BlackElo "1606"]
[Opening "Réti opening"]
[ECO "A05"]
[Time "10:05:53"]
[TimeControl "2700+45"]

1. Nf3 Nf6 2. g3 d5 3. c4 dxc4 4. Na3 Qd5 5. Bg2 c6 6. Nh4 Qc5 7. Qc2 Be6 8. b3
Qd4 9. Bb2 cxb3 10. Bxd4 bxc2 11. Nxc2 Nbd7 12. Rb1 g5 13. Nf3 b6 14. Nxg5 Bxa2
15. Ra1 Bd5 16. e4 Be6 17. Nxe6 fxe6 18. Bb2 Bg7 19. O-O O-O 20. Rfb1 Nc5 21. d3
Nxd3 22. Bd4 e5 23. Bc3 Nxf2 24. Rf1 Nd3 25. Ne3 e6 26. Nc4 Nd7 27. Rfd1 N7c5
28. Rd2 b5 29. Na5 b4 30. Bb2 Bh6 31. Re2 Nxb2 32. Rxb2 Be3+ 33. Kh1 Bd4 34.
Rbb1 Bxa1 35. Rxa1 Rfc8 36. Nc4 Nd3 37. Bh3 Nf2+ 38. Kg2 Nxh3 39. Kxh3 b3 40.
Rb1 Rab8 41. Nxe5 c5 42. Nd7 Rb7 43. Nf6+ Kf8 44. e5 b2 45. Ne4 c4 46. Nd6 c3
47. Nxb7 c2 48. Rxb2 c1=Q 49. Rf2+ Kg8 50. Nd6 Rf8 {White resigns} 0-1

[Event "Team 45 45 League T79"]
[Site "Internet Chess Club"]
[Date "2019.01.05"]
[Round "2"]
[White "az2112"]
[Black "Electryon"]
[Result "0-1"]
[WhiteElo "1396"]
[BlackElo "1428"]
[Opening "Scandinavian (center counter) defense"]
[ECO "B01"]
[Time "22:01:35"]
[TimeControl "2700+45"]

1. e4 d5 2. exd5 Qxd5 3. Nc3 Qd8 4. d4 c6 5. Bf4 Bf5 6. Nf3 e6 7. a3 Nf6 8. Bd3
Bxd3 9. Qxd3 Be7 10. h3 Nbd7 11. O-O-O Qb6 12. Ne5 Rf8 13. Nc4 Qa6 14. Nd6+ Bxd6
15. Bxd6 Rh8 16. Qxa6 bxa6 17. Ne4 Nxe4 18. Bg3 O-O-O 19. Rhe1 Ndf6 20. Re3 Rd7
21. Rb3 Nxg3 22. Rxg3 g6 23. Rf3 Nd5 24. Rdd3 Rb7 25. c4 Nb6 26. b3 Re8 27. Rfe3
Rbe7 28. f4 f6 29. g4 e5 30. dxe5 fxe5 31. fxe5 Rxe5 32. Rf3 R5e7 33. Kc2 Rd8
34. Kc3 Rxd3+ 35. Rxd3 Rd7 36. Rf3 Kb7 37. h4 Nc8 38. h5 gxh5 39. gxh5 Nd6 40.
Kb4 Ne4 41. Re3 Nf6 42. Re5 Kb6 43. Ka4 Ng4 44. Rg5 Nf6 45. h6 Ne4 46. Rg7 Rxg7
47. hxg7 Nf6 48. b4 h5 49. c5+ Kb7 50. Ka5 h4 51. a4 h3 52. b5 axb5 53. axb5
cxb5 54. Kxb5 a6+ 55. Ka5 h2 56. c6+ Kxc6 57. g8=Q Nxg8 58. Kxa6 h1=Q 59. Ka7
Qb1 60. Ka8 Qb7# {White checkmated} 0-1

[Event "Team 45 45 League T79"]
[Site "Internet Chess Club"]
[Date "2019.01.05"]
[Round "2"]
[White "XGG123"]
[Black "seattleblues"]
[Result "1-0"]
[WhiteElo "1404"]
[BlackElo "1303"]
[Opening "Caro-Kann: advance variation"]
[ECO "B12"]
[Time "21:00:48"]
[TimeControl "2700+45"]

1. e4 c6 2. d4 d5 3. e5 Bf5 4. h4 h6 5. g4 Bh7 6. e6 fxe6 7. Bd3 Nf6 8. Bxh7
Rxh7 9. Qd3 g5 10. Nf3 Rf7 11. Ne5 Rg7 12. hxg5 hxg5 13. Nd2 Nbd7 14. Ndf3 Ne4
15. Nd2 Ndf6 16. f3 Nd6 17. Nb3 Qc8 18. Rh6 Nf7 19. Rg6 Rh7 20. Bxg5 Rh1+ 21.
Kf2 Rh2+ 22. Kg3 Rh7 23. Bxf6 exf6 24. Rxf6 Rg7 25. Nxf7 Rxf7 26. Qg6 Qc7+ 27.
Kg2 Qe7 28. Rxe6 {Black resigns} 1-0

[Event "Team 45 45 League T79"]
[Site "Internet Chess Club"]
[Date "2019.01.05"]
[Round "2"]
[White "Conjurer"]
[Black "sdcohle"]
[Result "0-1"]
[WhiteElo "1242"]
[BlackElo "1421"]
[Opening "Queen's pawn: London system"]
[ECO "A45"]
[Time "13:01:06"]
[TimeControl "2700+45"]

1. d4 Nf6 2. Bf4 d6 3. e3 g6 4. Nf3 Bg7 5. h3 O-O 6. c4 b6 7. Nc3 Bb7 8. Bd3
Nbd7 9. O-O Re8 10. b4 e5 11. dxe5 dxe5 12. Bh2 e4 13. Bc2 exf3 14. g3 Ne4 15.
Bxe4 Bxe4 16. Rc1 Bb7 17. e4 Bxe4 18. Nxe4 Rxe4 19. Qxf3 Nf6 20. Rfd1 Qe8 21. g4
Qc6 22. Kg2 Re6 23. Bxc7 Qxf3+ 24. Kxf3 {White resigns} 0-1

[Event "Team 45 45 League T79"]
[Site "Internet Chess Club"]
[Date "2019.01.04"]
[Round "2"]
[White "RD1974"]
[Black "idjit"]
[Result "0-1"]
[WhiteElo "1582"]
[BlackElo "1602"]
[Opening "French: King's Indian attack"]
[ECO "C00"]
[Time "19:30:54"]
[TimeControl "2700+45"]

1. e4 e6 2. d3 d5 3. Nd2 c5 4. g3 Nf6 5. e5 Nfd7 6. f4 Nc6 7. Ngf3 Be7 8. Bg2
O-O 9. O-O f6 10. Re1 fxe5 11. fxe5 Qc7 12. Qe2 Nb4 13. Nb3 b5 14. c3 Nc6 15.
Bh3 Nb6 16. Bg5 Bxg5 17. Nxg5 Qe7 18. Qe3 h6 19. Nxe6 Bxe6 20. Bxe6+ Qxe6 21.
Nxc5 Qg4 22. e6 Rf3 23. Qd2 Ne7 24. Qe2 Raf8 25. Qe5 Ng6 26. Qd6 Nf4 27. e7
Rxg3+ 28. Kh1 Rg1+ 29. Rxg1 Qf3+ 30. Rg2 Qxg2# {White checkmated} 0-1

[Event "Team 45 45 League T79"]
[Site "Internet Chess Club"]
[Date "2019.01.05"]
[Round "2"]
[White "noblitz-oblige"]
[Black "CMAlge"]
[Result "1-0"]
[WhiteElo "1528"]
[BlackElo "1280"]
[Opening "Giuoco Piano"]
[ECO "C54"]
[Time "10:19:44"]
[TimeControl "2700+45"]

1. e4 e5 2. Nf3 Nc6 3. Bc4 Bc5 4. c3 Nf6 5. d3 d6 6. O-O O-O 7. h3 h6 8. a3 a6
9. b4 Ba7 10. Be3 Bxe3 11. fxe3 b5 12. Ba2 Bb7 13. Nbd2 Re8 14. Nh4 Ne7 15. Qf3
Qd7 16. Qg3 Kh8 17. Bxf7 Rf8 18. Bg6 d5 19. Qxe5 dxe4 20. Nxe4 Bxe4 21. Bxe4
Nxe4 22. Qxe4 Rae8 23. Rxf8+ Rxf8 24. Qxe7 Qxe7 25. Ng6+ Kh7 26. Nxe7 g6 27. Rf1
Rxf1+ 28. Kxf1 Kg7 29. Nd5 c6 30. Nc7 Kf6 31. Nxa6 {Black resigns} 1-0

[Event "Team 45 45 League T79"]
[Site "Internet Chess Club"]
[Date "2019.01.07"]
[Round "2"]
[White "seldredg"]
[Black "Toalla"]
[Result "1/2-1/2"]
[WhiteElo "1312"]
[BlackElo "1327"]
[Opening "Queen's pawn: London system"]
[ECO "A45"]
[Time "13:30:25"]
[TimeControl "2700+45"]

1. d4 Nf6 2. Bf4 d6 3. e3 Nbd7 4. c3 b6 5. Nd2 e5 6. Bg3 Bb7 7. f3 Be7 8. Bd3 c5
9. Qe2 O-O 10. h4 cxd4 11. cxd4 exd4 12. e4 Nc5 13. Rc1 a5 14. Bf2 Nxd3+ 15.
Qxd3 Ba6 16. Qxd4 Nd7 17. Nh3 Nc5 18. Nf4 Ne6 19. Qe3 Nxf4 20. Qxf4 Rc8 21. Nb3
Rxc1+ 22. Nxc1 Qc7 23. Bd4 f6 24. Kf2 Qc2+ 25. Kg3 b5 26. Qf5 Qc8 27. Qd5+ Kh8
28. h5 Qc4 29. Qxc4 bxc4 30. b3 cxb3 31. Nxb3 a4 32. Nd2 Rc8 33. Rb1 h6 34. Rb6
Ra8 35. Rc6 Kg8 36. Nc4 Bxc4 37. Rxc4 Kf7 {Game drawn by mutual agreement}
1/2-1/2

[Event "Team 45 45 League T79"]
[Site "Internet Chess Club"]
[Date "2019.01.04"]
[Round "2"]
[White "Toalla"]
[Black "OGO"]
[Result "1/2-1/2"]
[WhiteElo "1275"]
[BlackElo "1279"]
[Opening "KP: Nimzovich defense"]
[ECO "B00"]
[Time "13:21:54"]
[TimeControl "2700+45"]

1. e4 Nc6 2. Nf3 e6 3. d4 d6 4. Bd3 Be7 5. c3 Nf6 6. O-O O-O 7. Nbd2 b6 8. Re1
Bb7 9. Nf1 Rc8 10. Ng3 a6 11. a4 Na7 12. c4 Qe8 13. e5 dxe5 14. dxe5 Nd7 15. Ne4
Nc6 16. Bf4 Bc5 17. Nxc5 Nxc5 18. Qc2 h6 19. Qe2 Rd8 20. Be4 Nd4 21. Nxd4 Rxd4
22. Bxb7 Nxb7 23. Be3 Rd8 24. Red1 Qc6 25. Rxd8 Rxd8 26. Qc2 Nc5 27. Bxc5 Qxc5
28. b3 Qxe5 29. Rd1 Rxd1+ 30. Qxd1 a5 31. g3 f6 32. h4 Kf7 33. Kg2 Ke7 34. h5
Qe4+ 35. Kh3 Qf5+ 36. Kg2 c6 37. g4 Qe4+ 38. f3 Qe5 39. Qd2 Qd6 40. Qe3 Qc7 41.
Qe4 Qd7 42. Qe3 c5 43. Kg3 Qd4 44. Qc1 Kd6 45. Kh3 Qd3 46. Qf4+ e5 47. Qe4 Qxb3
48. Qd5+ Ke7 49. Qb7+ Kf8 50. Qa8+ Kf7 51. Qb7+ Kg8 52. Qd5+ Kh7 53. Qe4+ {Game
drawn by mutual agreement} 1/2-1/2

[Event "Team 45 45 League T79"]
[Site "Internet Chess Club"]
[Date "2019.01.06"]
[Round "2"]
[White "stantheman59"]
[Black "tasawyer81"]
[Result "0-1"]
[WhiteElo "1191"]
[BlackElo "1219"]
[Opening "Old Indian: main line"]
[ECO "A55"]
[Time "11:08:15"]
[TimeControl "2700+45"]

1. d4 d6 2. Nf3 Nf6 3. c4 Nbd7 4. Nc3 e5 5. e4 Be7 6. Be2 c6 7. O-O Qc7 8. h3
O-O 9. Be3 a5 10. Rc1 exd4 11. Nxd4 Ne5 12. b3 Bd7 13. Bg5 h6 14. Bf4 Ng6 15.
Be3 Rfe8 16. Qd2 Bf8 17. Rfd1 Nxe4 18. Nxe4 Rxe4 19. Bd3 Ree8 20. Bxg6 fxg6 21.
Qd3 Kh7 22. Nf3 Bf5 23. Qc3 c5 24. Rd2 Be7 25. Rcd1 Bf6 26. Qc1 Rad8 27. Rd5 Be4
28. R5d2 Qc6 29. Ne1 Re5 30. Bf4 Re6 31. Re2 Bd4 32. Nf3 Rde8 33. Nxd4 cxd4 34.
Rxd4 Bxg2 35. Rxd6 Rxd6 36. Rxe8 Bh1 37. Qf1 Rd1 38. f3 Rxf1+ 39. Kxf1 Qxf3+ 40.
Ke1 Qxf4 41. Re2 Qg3+ 42. Rf2 Qxh3 43. a3 Qxb3 44. a4 Qb4+ 45. Rd2 Qxc4 46. Kd1
Bf3+ 47. Ke1 Qxa4 48. Kf2 Qf4 49. Ke1 b5 50. Ra2 Qe3+ 51. Kf1 a4 52. Rxa4 Qe2+
{White resigns} 0-1

[Event "Team 45 45 League T79"]
[Site "Internet Chess Club"]
[Date "2019.01.03"]
[Round "2"]
[White "areckx"]
[Black "pagliaci"]
[Result "0-1"]
[WhiteElo "1137"]
[BlackElo "1234"]
[Opening "Petrov: Cochrane gambit"]
[ECO "C42"]
[Time "18:20:57"]
[TimeControl "2700+45"]

1. e4 e5 2. Nf3 Nf6 3. Nxe5 d6 4. Nxf7 Kxf7 5. Bc4+ Ke8 6. Nc3 c6 7. Qf3 Bg4 8.
Qd3 Nbd7 9. h3 Bh5 10. g4 Bg6 11. f4 Nc5 12. Qe2 Qe7 13. d3 b5 14. Bb3 Nxb3 15.
axb3 Rd8 16. f5 Bf7 17. Bg5 h5 18. Bxf6 Qxf6 19. Rxa7 hxg4 20. Qxg4 d5 21. Ra6
dxe4 22. Qxe4+ Be7 23. O-O Rxh3 24. Qxc6+ Qxc6 25. Rxc6 b4 26. Kg2 Rhxd3 27. Rf3
Rd2+ 28. Rf2 bxc3 29. Rxc3 Bd5+ 30. Kg3 Bd6+ 31. Rf4 Rd4 32. Re3+ Kf7 33. Kg4
Bxf4 34. Re2 Re8 35. Rxe8 Kxe8 36. c3 Bc1+ 37. cxd4 Bxb2 38. Kg5 Bxd4 39. b4 Kf7
40. b5 Be3+ 41. Kg4 Kf6 42. Kg3 Kxf5 43. Kh4 g5+ 44. Kg3 Bb6 45. Kh3 g4+ 46. Kg3
Bc7+ 47. Kf2 Kf4 48. Kg1 g3 49. Kf1 Kf3 50. Kg1 g2 51. b6 Bxb6+ 52. Kh2 Kf2 53.
Kh3 g1=Q 54. Kh4 Kf3 55. Kh3 Qg3# {White checkmated} 0-1

[Event "Team 45 45 League T79"]
[Site "Internet Chess Club"]
[Date "2019.01.04"]
[Round "2"]
[White "Balderdash"]
[Black "Conjurer"]
[Result "0-1"]
[WhiteElo "1238"]
[BlackElo "1253"]
[Opening "French defense"]
[ECO "C00"]
[Time "13:01:12"]
[TimeControl "2700+45"]

1. e4 e6 2. Nf3 d5 3. exd5 exd5 4. d4 Nf6 5. Ne5 a6 6. a3 Be7 7. Nc3 O-O 8. Bd3
c5 9. Be3 Qb6 10. Na4 Qa5+ 11. Nc3 c4 12. b4 cxb3 13. cxb3 Qxc3+ 14. Ke2 Qb2+
15. Bc2 Ne4 16. Qd3 Qc3 17. Qd1 f6 18. Nd3 Nc6 19. f3 Nxd4+ 20. Bxd4 Qxd4 21.
Kf1 Nc3 22. Qe1 Bd6 23. Qf2 Be5 24. Nxe5 Qxe5 25. Kg1 Ne2+ 26. Kf1 Qxa1+ 27.
Kxe2 Qxh1 28. Kd2 Qxh2 29. Bd3 Qf4+ 30. Kc2 Bf5 31. Qf1 Rac8+ 32. Kd1 Rc1+ 33.
Ke2 Rxf1 34. Kxf1 Bxd3+ 35. Kf2 Re8 36. g3 Re2+ 37. Kg1 Qc1# {White checkmated}
0-1

[Event "Team 45 45 League T79"]
[Site "Internet Chess Club"]
[Date "2019.01.07"]
[Round "2"]
[White "bardu"]
[Black "Andaluz"]
[Result "1/2-1/2"]
[WhiteElo "1263"]
[BlackElo "1252"]
[Opening "QGD Slav: 4.Nc3"]
[ECO "D15"]
[Time "14:28:36"]
[TimeControl "2700+45"]

1. d4 d5 2. c4 c6 3. Nf3 Nf6 4. Nc3 Bf5 5. cxd5 cxd5 6. Qb3 b6 7. Bf4 e6 8. e3
h6 9. Bb5+ Nbd7 10. O-O Be7 11. Rac1 O-O 12. Ne2 Ne8 13. Ng3 Bh7 14. Bd3 Ndf6
15. Bxh7+ Nxh7 16. Qd3 Nhf6 17. Ne5 Nd6 18. Nc6 Qd7 19. Bxd6 Bxd6 20. f3 Rfc8
21. Ne5 Qe8 {Game drawn by mutual agreement} 1/2-1/2

[Event "Team 45 45 League T79"]
[Site "Internet Chess Club"]
[Date "2019.01.03"]
[Round "2"]
[White "SeniorCitizen"]
[Black "ticktockman"]
[Result "0-1"]
[WhiteElo "1252"]
[BlackElo "1139"]
[Opening "Scandinavian (center counter) defense"]
[ECO "B01"]
[Time "12:01:54"]
[TimeControl "2700+45"]

1. e4 d5 2. exd5 Qxd5 3. Nc3 Qe5+ 4. Qe2 Qxe2+ 5. Bxe2 Nf6 6. h3 a6 7. Nf3 Nbd7
8. O-O e6 9. d4 Bb4 10. a3 Bxc3 11. bxc3 O-O 12. Bb2 c5 13. Rfd1 b5 14. Ne5 c4
15. a4 Bb7 16. axb5 axb5 17. Rxa8 Bxa8 18. Ra1 Rb8 19. Ba3 Be4 20. Bd1 Ra8 21.
f3 Bb7 22. g4 h6 23. Bb2 Rxa1 24. Bxa1 Nxe5 25. dxe5 Nh7 26. h4 Nf8 27. Bb2 Ng6
28. h5 Nxe5 29. Kf2 Nd7 30. Ba3 Nb6 31. Ke3 Nd5+ 32. Kd2 f5 33. Bb4 fxg4 34.
fxg4 Nf4 35. Ke3 Nd5+ 36. Kf2 Kf7 37. Bf3 Nxb4 38. Bxb7 Nxc2 39. Bc6 b4 40. cxb4
Nxb4 41. Be4 c3 42. Ke1 Kf6 43. Kd1 Kg5 44. Bf3 Kf4 45. Be2 e5 46. Kc1 Ke3
{White resigns} 0-1